 Dungeon Crawl Stone Soup version 0.31-a0-182-gc5ef74bbde (webtiles) character file.

Game seed: 2061192451159513988

293 qw the Chopper (level 6, -1/39 HPs)
             Began as a Gargoyle Fighter on June 21, 2023.
             Slain by a sky beast (4 damage)
             ... on level 6 of the Dungeon.
             The game lasted 00:01:14 (2039 turns).

qw the Chopper (Gargoyle Fighter)                   Turns: 2039, Time: 00:01:14

Health: -1/39      AC: 11    Str: 22    XL:     6   Next: 33%
Magic:  6/6        EV:  9    Int:  8    God:
Gold:   156        SH:  4    Dex:  9    Spells: 5/5 levels left

rFire   . . .        Y - +0 war axe
rCold   . . .        c - +0 buckler
rNeg    + . .        b - +0 scale mail
rPois   inf          (no helmet)
rElec   +            (no cloak)
rCorr   .            (no gloves)
SInv    .            (no boots)
Will    .....        (no amulet) Stlth
                     (no ring)
HPRegen 0.26/turn    (no ring)
MPRegen 0.10/turn

%: no passive effects
@: no status effects
A: sickness immunity, AC +4, negative energy resistance 1, electricity
resistance, torment resistance 1, petrification resistance
a: no special abilities


You were on level 6 of the Dungeon.
You visited 1 branch of the dungeon, and saw 4 of its levels.

You collected 156 gold pieces.


Innate Abilities, Weirdness & Mutations

You are immune to sickness and miasma.
Your stone body is resilient. (AC +4)
You are immune to poison.
You resist negative energy. (rN+)
You are resistant to electric shocks. (rElec)
You are resistant to unholy torment.
You are immune to petrification.


   Skills:
 - Level 4.5 Fighting
 - Level 5.3 Axes
 - Level 3.2 Armour
 + Level 0.0 Dodging
 - Level 3.2 Shields


You had 5 spell levels left.
You didn't know any spells.
Your spell library was empty.

Inventory:

Hand Weapons
 n - a +0 flail
 Y - a +0 war axe (weapon)
Armour
 b - a +0 scale mail (worn)
 c - a +0 buckler (worn)
Jewellery
 m - a ring of fire
Scrolls
 o - a scroll of enchant armour
Potions
 a - a potion of berserk rage {unknown}
 d - a potion of might
 e - 2 potions of brilliance {unknown}
 i - a potion of cancellation {unknown}
 j - a potion of lignification {unknown}
 k - a potion of mutation {unknown}

Dungeon Overview and Level Annotations

Branches:
Dungeon (3/15)

Altars:
Zin


Message History

You hit something.
A sky beast appears from thin air!
Reactivating autopickup.
The sky beast closely misses you.
You barely miss the sky beast.
The sky beast is heavily wounded.
The sky beast hits you but does no damage.
You slash the sky beast!
The sky beast is severely wounded.
The sky beast hits you. The sky beast shocks you. You resist.
You hit the sky beast.
The sky beast is severely wounded.
The sky beast hits you but does no damage.
The sky beast hits you. The sky beast shocks you. You resist.
You barely miss the sky beast.
The sky beast is severely wounded.
The sky beast hits you but does no damage.
You barely miss the sky beast.
The sky beast is severely wounded.
The sky beast barely misses you.
You closely miss the sky beast.
The sky beast is severely wounded.
The sky beast flickers out of sight!
Deactivating autopickup; reactivate with Ctrl-A.
Something hits you but does no damage. x2
You barely miss something. Something hits you. Something shocks you.
You resist.
You miss something. Something hits you but does no damage.
You closely miss something. You block something's attack.
You barely miss something. Something hits you but does no damage.
You block something's attack.
You closely miss something. Something hits you. Something shocks you.
You resist.
You hit something. Something hits you but does no damage.
You barely miss something. Something hits you.
You die...

#.....
....#
#...#
#...#
#...#
#...#
#...#
#..@#
.......{#
######..#
#..# #..#
#[.# ...#
#..#


There were no monsters in sight!

Vanquished Creatures
  An ice beast (D:6)
  A scorpion (D:6)
  An orc wizard (D:3)
  3 gnolls (D:2)
  2 adders (D:2)
  2 worms (D:2)
  3 dart slugs
  3 orcs (D:3)
  6 endoplasms
  2 giant cockroaches (D:1)
  3 goblins (D:1)
  8 hobgoblins
  6 quokkas
  6 ball pythons
  4 bats
  A frilled lizard (D:1)
  4 kobolds
56 creatures vanquished.

Notes
Turn   | Place    | Note
-------+----------+-------------------------------------------
     0 | D:1      | qw the Gargoyle Fighter began the quest for the Orb.
     0 | D:1      | Reached XP level 1. HP: 14/14 MP: 1/1
     0 | D:1      | 0 ||| qw: Version: 0.3-a-9-g12657ce
     0 | D:1      | 0 ||| qw: Game counter: 1651
     0 | D:1      | 0 ||| qw: Always use a shield: true
     0 | D:1      | 0 ||| qw: God list: Okawaru
     0 | D:1      | 0 ||| qw: Allow faded altars: false
     0 | D:1      | 0 ||| qw: Do Orc after D:15 true
     0 | D:1      | 0 ||| qw: Do second Lair branch before Depths: true
     0 | D:1      | 0 ||| qw: Lair rune preference: random
     0 | D:1      | 0 ||| qw: Plans: Normal, Zot:1-4, Slime:5, God:TSO, Crypt,
                  | Tomb, Abyss, Pan, Hells, Win
     0 | D:1      | 0 ||| PLANNING D:1-11
    27 | D:1      | Reached skill level 2 in Axes
    95 | D:1      | Reached XP level 2. HP: 15/19 MP: 2/2
    95 | D:1      | 95 ||| FLEEEEING.
    96 | D:1      | 96 ||| FLEEEEING.
    97 | D:1      | 97 ||| FLEEEEING.
    98 | D:1      | 98 ||| FLEEEEING.
    99 | D:1      | 99 ||| FLEEEEING.
   100 | D:1      | 100 ||| FLEEEEING.
   101 | D:1      | 101 ||| FLEEEEING.
   102 | D:1      | 102 ||| FLEEEEING.
   103 | D:1      | 103 ||| FLEEEEING.
   104 | D:1      | 104 ||| FLEEEEING.
   105 | D:1      | 105 ||| FLEEEEING.
   315 | D:1      | 315 ||| DROPPING +0 whip.
   338 | D:1      | Reached skill level 3 in Axes
   446 | D:1      | Reached XP level 3. HP: 23/23 MP: 3/3
   837 | D:1      | 837 ||| READING scroll labelled QANAIPP ZAMU.
   838 | D:1      | 838 ||| READING scroll labelled INIENW FICETU.
   839 | D:1      | 839 ||| READING scroll labelled YGURUIZ VUENE.
   907 | D:2      | 907 ||| Stepping ~*~*~tactically~*~*~ (stealth).
  1152 | D:2      | Reached XP level 4. HP: 28/28 MP: 4/4
  1271 | D:2      | 1271 ||| Stepping ~*~*~tactically~*~*~ (stealth).
  1273 | D:2      | 1273 ||| Stepping ~*~*~tactically~*~*~ (hiding).
  1280 | D:2      | Reached skill level 4 in Axes
  1364 | D:2      | 1364 ||| DROPPING +0 mace.
  1601 | D:2      | 1601 ||| READING scroll labelled JIXKAW ONGI.
  1602 | D:2      | 1602 ||| READING scroll labelled UROFRO LETICUOCU.
  1603 | D:2      | 1603 ||| READING scroll labelled RETIAH LEFOW.
  1604 | D:2      | 1604 ||| DRINKING 2 dark potions.
  1629 | D:3      | 1629 ||| Stepping ~*~*~tactically~*~*~ (hiding).
  1630 | D:3      | 1630 ||| Stepping ~*~*~tactically~*~*~ (hiding).
  1645 | D:3      | Reached XP level 5. HP: 29/32 MP: 5/5
  1662 | D:3      | 1662 ||| Stepping ~*~*~tactically~*~*~ (stealth).
  1718 | D:3      | Found a glowing silver altar of Zin.
  1744 | D:3      | Found a faded altar of an unknown god.
  1760 | D:3      | You fall into a shaft and drop 3 floors!
  1775 | D:6      | Reached skill level 5 in Axes
  1892 | D:6      | Noticed an ice beast
  1909 | D:6      | HP: 6/32 [ice beast (11)]
  1910 | D:6      | 1910 ||| DRINKING potion of heal wounds.
  1913 | D:6      | Killed an ice beast
  1914 | D:6      | Reached XP level 6. HP: 34/39 MP: 6/6
  1919 | D:6      | 1919 ||| Stepping ~*~*~tactically~*~*~ (stealth).
  1932 | D:6      | 1932 ||| READING scroll labelled LUMOVE VAKA.
  2009 | D:6      | 2009 ||| Stepping ~*~*~tactically~*~*~ (stealth).
  2010 | D:6      | 2010 ||| READING scroll labelled FEUSYG OPSOVOL.
  2013 | D:6      | Noticed a sky beast
  2029 | D:6      | HP: 9/39 [sky beast (2)]
  2037 | D:6      | HP: 4/39 [something (2)]
  2039 | D:6      | Slain by a sky beast

Levels and vault maps discovered:
D:1:      minmay_arrival_nine_rooms, layout_basic, nrook_mini_backslash
D:2:      layout_basic
D:3:      layout_rooms, mainiacjoe_overflow_boulevard, zin_scriptorium,
          hellmonk_ecumenical_altar_pennies_from_heaven, uniq_natasha
D:6:      layout_loops_ring, kiku_gazebo_pond_becter,
          eat_drink_and_be_merry_uskayaw, mainiacjoe_overflow_swirl

Skill      XL: |  1  2  3  4  5 |
---------------+----------------+-----
Axes           | 2 3 4 5 |  5.3
Fighting       | 4 |  4.5
Armour         | |  3.2
Shields        | |  3.2

Action                     |  1- 3 |  4- 6 || total
---------------------------+-------+-------++-------
  Melee: War axe           |   103 |    92 ||   195
  Throw: Boomerang         |    44 |    27 ||    71
    Use: Scroll            |     3 |     5 ||     8
         Potion            |       |     2 ||     2
 Armour: Scale mail        |    48 |    54 ||   102
  Dodge: Dodged            |    39 |    38 ||    77
  Block: Buckler           |    11 |    18 ||    29

Table legend:
 A = Non-vault XP
 B = Vault XP
 C = Vault XP percentage of total XP
 D = Non-vault monster count
 E = Vault monster count
 F = Vault count percentage of total count
                 A         B        C        D         E       F
            +---------+---------+-------+---------+---------+-------
      Total |     419 |       0 |   0.0 |      56 |       0 |   0.0
            +---------+---------+-------+---------+---------+-------
        D:1 |      43 |       0 |   0.0 |      24 |       0 |   0.0
        D:2 |     112 |       0 |   0.0 |      23 |       0 |   0.0
        D:3 |      48 |       0 |   0.0 |       7 |       0 |   0.0
        D:6 |     216 |       0 |   0.0 |       2 |       0 |   0.0
            +---------+---------+-------+---------+---------+-------
